 Dungeon Crawl Stone Soup version 0.19-a0-1682-g5114f93 (webtiles) character file.

219136 st0uf the Warrior (level 18, -26/182 HPs)
             Began as a Red Draconian Transmuter on Sept 22, 2016.
             Was a High Priest of Okawaru.
             Blown up by a conjurer statue (67 damage)
             ... with an orb of destruction
             ... in a wizard's laboratory on Sept 24, 2016.
             The game lasted 05:31:42 (36173 turns).

st0uf the Warrior (Red Draconian Transmuter)       Turns: 36173, Time: 05:31:44

Health: -26/182    AC: 17    Str: 12    XL:     18   Next: 43%
Magic:  27/36      EV: 23    Int: 27    God:    Okawaru [*****.]
Gold:   1359       SH:  0    Dex: 15    Spells: 10 memorised, 8 levels left

rFire  + . .     SeeInvis .       - Unarmed
rCold  . . .     Gourm    .     (armour unavailable)
rNeg   + . .     Faith    .     (shield currently unavailable)
rPois  +         Spirit   .     (helmet restricted)
rElec  +         Dismiss  .     V - +2 cloak "Vaujahal" {rN+ Regen+}
rCorr  .         Reflect  .     (gloves currently unavailable)
MR     ++...     Harm     .     R - +2 pair of boots "Lorarah" {Int+5}
Stlth  +++.......               U - amulet of regeneration
                                W - +3 ring of slaying
                                t - ring of Balance {rElec rPois MR+ Int+3}

@: blade hands (expiring), heroism
A: breathe fire, unfitting armour, fire resistance 1, robust 1, cold-blooded, AC
+10
a: Breathe Fire, End Transformation, Heroism, Finesse, Renounce Religion
}: 1/15 runes: gossamer


You were in a wizard's laboratory.
You worshipped Okawaru.
Okawaru was extremely pleased with you.
You were not hungry.
You had blades for hands.
You visited 5 branches of the dungeon, and saw 30 of its levels.
You also visited: Sewer, Ossuary, Bailey and Wizlab.

You collected 3415 gold pieces.
You spent 2056 gold pieces at shops.

Inventory:

Missiles
 a - 661 arrows
Armour
 e - the +18 shield of the Gong {rElec rN+ MR+ EV-5}
   (Okawaru gifted it to you on level 1 of the Vaults)

   It affects your evasion (-5).
   It insulates you from electricity.
   It protects you from negative energy.
   It affects your resistance to hostile enchantments.
 E - a +1 pair of gloves of archery (melded)
 N - a +1 buckler of protection
 R - the +2 pair of boots "Lorarah" (worn) {Int+5}
   (You found it on level 11 of the Dungeon)

   It affects your intelligence (+5).
 V - the +2 cloak "Vaujahal" (worn) {rN+ Regen+}
   (Okawaru gifted it to you on level 6 of the Lair of Beasts)

   It protects you from negative energy.
   It increases your rate of regeneration.
Jewellery
 m - the ring of Guagotaw {rN+ Dex+3}
   (You found it on level 2 of the Vaults)

   [ring of positive energy]

   It affects your dexterity (+3).
   It protects you from negative energy.
 t - the ring of Balance (left scythe-like blade) {rElec rPois MR+ Int+3}
   (You found it on level 1 of the Spider Nest)

   [ring of protection from magic]

   It affects your intelligence (+3).
   It insulates you from electricity.
   It protects you from poison.
   It affects your resistance to hostile enchantments.
 C - an uncursed ring of fire
 M - an uncursed ring of protection from cold
 S - an uncursed ring of protection from magic
 U - an amulet of regeneration (around neck)
 W - a +3 ring of slaying (right scythe-like blade)
Wands
 d - a wand of hasting (3/9)
 g - a wand of heal wounds (3/9)
 y - a wand of disintegration (12/24)
 H - a wand of digging (10/24)
Scrolls
 l - 2 scrolls of teleportation
 o - 8 scrolls of magic mapping
 q - a scroll of holy word
 s - 7 scrolls of fog
 u - a scroll of torment
 v - 3 scrolls of blinking
 x - a scroll of identify
 z - a scroll of recharging
 D - 12 scrolls of remove curse
 F - 4 scrolls of fear
 Q - a scroll of summoning
Potions
 f - 4 potions of might
 i - 2 potions of berserk rage
 k - 6 potions of curing
 n - 10 potions of ambrosia
 p - a potion of invisibility
 w - 4 potions of agility
 A - 4 potions of brilliance
 B - 4 potions of cure mutation
 I - 7 potions of flight
 O - 5 potions of magic
 T - 4 potions of resistance
 X - a potion of cancellation
 Y - 2 potions of haste
Books
 J - a book of Fire

   Spells                             Type                      Level
   a - Ignite Poison                  Fire/Transmutation/Poison    3
   b - Fireball                       Conjuration/Fire             5
   c - Bolt of Fire                   Conjuration/Fire             6
   d - Delayed Fireball               Conjuration/Fire             7
   e - Ring of Flames                 Charms/Fire                  7
 K - a book of Transfigurations

   Spells                             Type                      Level
   a - Irradiate                      Conjuration/Transmutation    5
   b - Statue Form                    Transmutation/Earth          6
   c - Hydra Form                     Transmutation                6
   d - Dragon Form                    Transmutation                7
Comestibles
 b - 15 meat rations
 c - 12 bread rations
 h - a beef jerky
 j - 24 fruits
 r - 2 chunks of flesh


   Skills:
 * Level 15.9(20.9) Fighting
 + Level 10.3(15.3) Dodging
 + Level 11.7(16.7) Unarmed Combat
 * Level 14.0 Spellcasting
 + Level 7.2 Conjurations
 + Level 6.7 Charms
 + Level 14.3 Transmutations
 * Level 12.1 Fire Magic
 - Level 9.7 Invocations


You had 8 spell levels left.
You knew the following spells:

 Your Spells              Type           Power        Failure   Level  Hunger
a - Beastly Appendage     Tmut           ######       3%          1    None
b - Sticks to Snakes      Tmut           #######.     3%          2    None
c - Blade Hands           Tmut           #######...   10%         5    ##.....
d - Throw Flame           Conj/Fire      ######       8%          2    None
e - Conjure Flame         Conj/Fire      ######..     10%         3    None
f - Ring of Flames        Chrm/Fire      ######....   93%         7    ######.
g - Regeneration          Chrm/Necr      #####.....   24%         3    None
h - Repel Missiles        Chrm/Air       #####.       17%         2    None
i - Fireball              Conj/Fire      ######....   17%         5    ##.....
j - Dragon Form           Tmut           #######...   45%         7    ######.


Dungeon Overview and Level Annotations

Branches:
Dungeon (15/15)            Temple (0/1) D:6            Lair (6/6) D:9
  Swamp (0/4) Lair:3       Spider (4/4) Lair:4        Slime (0/5) Lair:5
    Orc (2/2) D:9             Elf (0/3) Orc:2        Vaults (3/5) D:14
  Crypt (0/3) Vaults:2     Depths (0/5) D:15

Altars:
Cheibriados
Elyvilon
Kikubaaqudgha
Okawaru
Qazlal
Trog
Yredelemnul
Zin
Beogh
Jiyva

Shops:
D:4 }   D:5 (   D:6 !   D:9 [   Orc:2 :[[(   Vaults:2 %   Vaults:3 ?

Portals:
Trove: D:11 (give 6 scrolls of blinking)

Annotations:
Lair:1 spider next? WizLab exclusion: statue


Innate Abilities, Weirdness & Mutations

You can breathe blasts of fire.
Your fiery red scales are hard. (AC +10)
Your body does not fit into most forms of armour.
Your flesh is heat resistant. (rF+)
You are cold-blooded and may be slowed by cold attacks.
You are robust. (+10% HP)


Message History

The purple draconian completely misses you.
The deep elf mage completely misses you.
The deep elf mage points at you and mumbles some strange words.
The lance of force hits you!
You are knocked back by the lance of force.
Marking area around the conjurer statue as unsafe for travelling.
Casting: Blade Hands
Confirm with . or Enter, or press ? or * to list all spells.
You miscast Regeneration.
You are very lightly contaminated with residual magic.
Nothing appears to happen.
The conjurer statue conjures an orb of pure magic.
An orb of destruction comes into view.
The purple draconian breathes dispelling energy at you.
The bolt of dispelling energy hits you!
Your magical effects are unravelling.
Your magical contamination has completely faded away.
* * * LOW HITPOINT WARNING * * *
The orb of destruction hits you!
You die...

§.§.........§§§#
............§§§##
#............... #
#.#....e......##.#
##..de........#
#.#.*........#.#
#.#.#..........#
##.###........#.
## #...@....§.#
#.##..§....#.#
#...§...§#
.....8..§#§
#.#........#
#.##....§§§# .
........§ .
........#


You could see a purple draconian, a conjurer statue, 2 deep elf magi and a
battlesphere.

Vanquished Creatures
  Saint Roka (Vaults:1)
  Arachne (Spider:2)
  Jorgrun (Vaults:1)
  Rupert (D:13)
  A tentacled monstrosity (Vaults:2)
  Frances (D:12)
  3 vault wardens
  6 ghost moths (Spider:4)
  An orc warlord (Bailey)
  Aizul (Vaults:1)
  5 emperor scorpions
  5 ironheart preservers
  2 entropy weavers
  3 stone giants (Vaults:2)
  A very ugly thing (D:13)
  Azrael (D:15)
  Nessos (Lair:6)
  A purple draconian (WizLab)
  4 spark wasps
  A statue (WizLab)
  A fire dragon (D:15)
  Josephine (D:10)
  7 ogre magi
  A yaktaur captain (Vaults:2)
  An ice dragon (D:15)
  2 rakshasas
  4 vault guards
  A catoblepas (Lair:6)
  Erica (D:9)
  Harold (D:12)
  7 hydras
  6 centaur warriors
  A death knight (Vaults:2)
  2 dancing weapons (D:14)
  2 deep troll shamans
  9 death yaks
  A deep troll earth mage (Vaults:1)
  3 deep elf knights
  8 skeletal warriors
  6 deep trolls
  4 unseen horrors
  The ghost of Xiguana the Ruffian, a novice NaMo of Cheibriados (D:6)
  A phantasmal warrior (Vaults:2)
  A flayed ghost (Vaults:3)
  6 hill giants
  7 wizards
  A harpy (shapeshifter) (Vaults:1)
  8 ironbrand convokers
  2 deep elf archers
  A lindwurm (Lair:6)
  Pikel (D:4)
  10 orc knights
  13 hornets
  9 orb spiders
  7 deep elf magi
  17 ugly things
  26 wolf spiders
  3 cyclopes
  A hornet (shapeshifter) (Vaults:2)
  The ghost of 4thArraOfDagon the Ruffian, a novice TrMo of Elyvilon (D:10)
  2 orc sorcerers
  3 moths of wrath (Spider:4)
  17 elephants
  4 black mambas
  8 vault sentinels
  3 centaur skeletons
  16 spiny frogs
  8 komodo dragons
  2 freezing wraiths
  5 demonic crawlers
  A redback zombie (D:13)
  A rime drake (D:15)
  2 yaktaurs (Vaults:1)
  6 trolls
  A merfolk (D:11)
  21 jumping spiders
  2 meliai (shapeshifter) (Vaults:2)
  A jumping spider (shapeshifter) (Vaults:3)
  A polar bear (shapeshifter) (Vaults:2)
  12 two-headed ogres
  2 polar bears
  9 blink frogs
  Grinder (D:6)
  A meliai zombie (D:14)
  13 hippogriffs
  10 slime creatures
  A human simulacrum (Vaults:2)
  A frost giant simulacrum (Vaults:3)
  6 wraiths (D:10)
  45 redbacks
  3 shadows
  Eustachio (D:5)
  A fire elemental (D:15)
  A vampire (D:13)
  28 yaks
  31 tarantellas
  9 wyverns
  2 hungry ghosts
  5 basilisks (D:15)
  A vampire mosquito (D:13)
  Grum (D:9)
  3 wargs
  A soldier ant (shapeshifter) (Vaults:2)
  A mottled dragon (D:13)
  12 water moccasins
  9 hell hounds (D:15)
  46 orc warriors
  6 porcupines
  2 sky beasts
  2 wasps
  2 black bears
  An eye of draining (D:13)
  3 ice beasts
  3 phantoms
  36 ogres
  A necrophage (D:11)
  7 boggarts (Vaults:1)
  7 wolves
  34 centaurs
  10 crocodiles
  5 big kobolds
  19 bullfrogs
  Blork the orc (D:5)
  A wyvern zombie (D:8)
  2 wyvern skeletons
  4 scorpions
  9 wights
  11 killer bees
  8 electric eels
  2 howler monkeys
  9 crimson imps
  2 quasits
  3 bullfrog zombies
  5 centaur zombies
  A human zombie (Ossuary)
  28 orc priests
  A bullfrog skeleton (D:7)
  A hound (D:12)
  4 jellies
  A gnoll shaman (D:7)
  Jessica (D:2)
  8 iguanas
  Natasha (thrice) (D:2)
  5 worker ants
  22 orc wizards
  4 hell rats (Lair:2)
  A hound zombie (D:6)
  A hound skeleton (D:10)
  4 mummies (Ossuary)
  A howler monkey zombie (D:10)
  A worker ant zombie (D:2)
  5 gnolls
  20 adders
  25 river rats
  5 shadow imps
  2 oozes (Lair:5)
  2 adder skeletons (D:2)
  4 worms
  4 dart slugs
  A leopard gecko (D:6)
  102 orcs
  A bat skeleton (D:2)
  6 giant cockroaches
  A gnoll zombie (Ossuary)
  10 goblins
  5 hobgoblins
  5 quokkas
  A ball python (D:1)
  11 bats
  6 frilled lizards
  A giant cockroach zombie (D:2)
  A goblin zombie (Ossuary)
  2 hobgoblin zombies (Ossuary)
  36 kobolds
  A kobold zombie (Ossuary)
  An orc zombie (Ossuary)
  A quokka skeleton (D:4)
  5 rats
1132 creatures vanquished.

Vanquished Creatures (collateral kills)
  A vault warden (Vaults:2)
  An emperor scorpion (Spider:3)
  An ironheart preserver (Vaults:1)
  2 hydras
  4 death yaks
  A centaur warrior (Orc:2)
  An orc sorcerer (Orc:1)
  2 cyclopes
  A deep elf mage (Vaults:1)
  6 elephants
  A torpor snail (Lair:6)
  3 spiny frogs
  3 komodo dragons
  A hippogriff (D:13)
  3 blink frogs
  A yak (D:14)
  A warg (Vaults:1)
  Purgy (Sewer)
  A porcupine (Lair:4)
  3 orc warriors
  3 ogres
  2 wolves (Lair:6)
  2 centaurs
  A crocodile (Lair:6)
  A bullfrog (D:14)
  A scorpion (D:4)
  A crimson imp (D:14)
  An iguana (Lair:5)
  2 orc wizards
  5 worker ants
  A howler monkey zombie (D:6)
  5 adders
  8 river rats
  A leopard gecko (D:4)
  8 orcs
  2 goblins
  A kobold (D:3)
  A quokka (D:7)
  A ball python (D:3)
  A bat (D:2)
  A frilled lizard (D:2)
  A fungus (Lair:6)
88 creatures vanquished.

Vanquished Creatures (others)
  A jumping spider (Spider:3)
  A slave (D:5)
  A boggart (Vaults:1)
  An orc (Vaults:2)
  2 bushes (Lair:2)
  33 fungi
  44 plants
83 creatures vanquished.

Grand Total: 1303 creatures vanquished

Notes
Turn   | Place    | Note
-------+----------+-------------------------------------------
     0 | D:1      | st0uf the Draconian Transmuter began the quest for the Orb.
     0 | D:1      | Reached XP level 1. HP: 16/16 MP: 3/3
   297 | D:1      | Reached XP level 2. HP: 22/23 MP: 3/5
  1111 | D:2      | Learned a level 2 spell: Sticks to Snakes
  1198 | D:2      | Reached XP level 3. HP: 22/28 MP: 1/6
  1295 | D:2      | Noticed Jessica
  1313 | D:2      | Killed Jessica
  1313 | D:2      | Reached XP level 4. HP: 25/35 MP: 4/7
  1450 | D:2      | Noticed Natasha
  1962 | D:2      | Reached skill level 5 in Transmutations
  1977 | D:2      | Killed Natasha
  2204 | D:2      | Noticed Natasha
  2226 | D:2      | Killed Natasha
  2226 | D:2      | Reached XP level 5. HP: 7/40 MP: 2/8
  2501 | D:2      | Noticed Natasha
  2629 | D:3      | Found a faded altar of an unknown god.
  2665 | D:3      | Found a white marble altar of Elyvilon.
  2756 | D:2      | Found a stormy altar of Qazlal.
  2756 | D:2      | Found an iron altar of Okawaru.
  2756 | D:2      | Found a basalt altar of Yredelemnul.
  2763 | D:2      | Became a worshipper of Warmaster Okawaru
  2848 | D:2      | Killed Natasha
  3426 | D:4      | Found Ijuat's Gadget Emporium.
  3529 | D:4      | Reached XP level 6. HP: 47/47 MP: 5/9
  3580 | D:4      | Found a glowing drain.
  3597 | Sewer    | Entered a sewer
  3643 | Sewer    | Noticed Purgy
  3665 | Sewer    | Killed Purgy
  4784 | D:4      | Got a translucent mace
  4785 | D:4      | Identified the +8 mace "Uqisiwn" {pain, *Drain +Inv Dex+8 Stlth+} (You found it on level 4 of the Dungeon)
  5025 | D:4      | Reached * piety under Okawaru
  5173 | D:4      | Your scales start taking on a fiery red colour.
  5173 | D:4      | Reached XP level 7. HP: 42/52 MP: 6/10
  5173 | D:4      | Gained mutation: Your flesh is heat resistant. (rF+) [Red Draconian growth]
  5180 | D:4      | Learned a level 5 spell: Blade Hands
  5906 | D:5      | Entered Level 5 of the Dungeon
  6178 | D:5      | Noticed Pikel
  6191 | D:4      | Killed Pikel
  6191 | D:4      | Reached ** piety under Okawaru
  6191 | D:4      | Reached XP level 8. HP: 59/59 MP: 9/11
  6449 | D:5      | Noticed Eustachio
  6459 | D:5      | Killed Eustachio
  6459 | D:5      | Reached skill level 10 in Transmutations
  6479 | D:5      | Reached skill level 2 in Fighting
  6563 | D:5      | Reached skill level 1 in Invocations
  6618 | D:5      | Found Erusoeg's Weapon Emporium.
  6681 | D:5      | Noticed Blork the orc
  6694 | D:5      | Killed Blork the orc
  6694 | D:5      | Reached skill level 3 in Fighting
  7022 | D:6      | Noticed Grinder
  7032 | D:6      | Killed Grinder
  7032 | D:6      | Reached *** piety under Okawaru
  7094 | D:6      | Noticed Xiguana's ghost (novice NaMo)
  7113 | D:6      | Killed Xiguana's ghost
  7113 | D:6      | Reached skill level 4 in Fighting
  7113 | D:6      | Reached XP level 9. HP: 68/71 MP: 7/14
  7144 | D:6      | Found a staircase to the Ecumenical Temple.
  7172 | D:6      | Reached **** piety under Okawaru
  7460 | D:6      | Found Bomnuc's Distillery.
  7469 | D:6      | Bought a potion of heal wounds for 60 gold pieces
  7469 | D:6      | Bought a potion of curing for 36 gold pieces
  7894 | D:7      | Reached skill level 5 in Fighting
  8102 | D:7      | Found a sand-covered staircase.
  8112 | Ossuary  | Entered an ossuary
  8528 | D:8      | Reached skill level 5 in Spellcasting
  8587 | D:8      | Reached ***** piety under Okawaru
  8592 | D:8      | Reached skill level 6 in Fighting
  8592 | D:8      | Reached XP level 10. HP: 61/83 MP: 12/17
  9144 | D:9      | Reached skill level 5 in Unarmed Combat
  9552 | D:9      | Reached skill level 7 in Fighting
  9744 | D:9      | Noticed Grum
  9766 | D:9      | Killed Grum
  9773 | D:9      | Found a staircase to the Orcish Mines.
  9862 | D:9      | Found a bloodstained altar of Trog.
  9946 | D:9      | Received a gift from Okawaru
 10021 | D:9      | Found a glowing silver altar of Zin.
 10056 | D:9      | Found a staircase to the Lair.
 10073 | D:9      | Noticed Erica
 10084 | D:9      | Killed Erica
 10084 | D:9      | Reached skill level 5 in Invocations
 10221 | D:9      | Found Ymulov's Armour Shop.
 10335 | D:9      | Reached XP level 11. HP: 90/94 MP: 21/21
 10454 | D:9      | Found an ancient bone altar of Kikubaaqudgha.
 10467 | D:10     | Entered Level 10 of the Dungeon
 10522 | D:10     | Reached ****** piety under Okawaru
 10713 | D:10     | Noticed a hill giant
 10721 | D:10     | Killed a hill giant
 10721 | D:10     | Reached skill level 8 in Fighting
 10743 | D:10     | Noticed Josephine
 10764 | D:10     | Killed Josephine
 10764 | D:10     | Received a gift from Okawaru
 10906 | D:10     | Noticed 4thArraOfDagon's ghost (novice TrMo)
 10916 | D:10     | Killed 4thArraOfDagon's ghost
 10916 | D:10     | Reached skill level 5 in Dodging
 11529 | Lair:1   | Entered Level 1 of the Lair of Beasts
 12031 | Lair:1   | Reached skill level 9 in Fighting
 13681 | Lair:2   | Received a gift from Okawaru
 13681 | Lair:2   | Reached XP level 12. HP: 94/106 MP: 16/24
 14490 | Lair:3   | Found a staircase to the Swamp.
 14866 | Lair:3   | Reached skill level 10 in Fighting
 14923 | Lair:4   | Found a hole to the Spider Nest.
 15082 | Lair:4   | Noticed a death yak
 15158 | Lair:4   | Noticed a death yak
 15194 | Lair:3   | Killed a death yak
 15483 | Lair:4   | Noticed a six-headed hydra
 15520 | Lair:4   | Killed a six-headed hydra
 15674 | Lair:4   | Noticed a death yak
 15682 | Lair:4   | Noticed a death yak
 15683 | Lair:4   | Noticed a death yak
 15684 | Lair:4   | Killed a death yak
 15685 | Lair:4   | Noticed a death yak
 15693 | Lair:4   | Killed a death yak
 15703 | Lair:4   | Killed a death yak
 15713 | Lair:4   | Killed a death yak
 15718 | Lair:4   | HP: 4/108 [death yak (23)]
 15720 | Lair:4   | Killed a death yak
 16070 | Lair:4   | Received a gift from Okawaru
 16071 | Lair:4   | Got a spiked cloak {god gift}
 16117 | Lair:4   | Identified the +0 cloak of the Bells {Dex+3} (Okawaru gifted it to you on level 4 of the Lair of Beasts)
 16509 | Lair:4   | Reached skill level 11 in Fighting
 16980 | Lair:5   | Found a runed door.
 16980 | Lair:5   | Found a viscous altar of Jiyva.
 16981 | Lair:5   | Found a staircase to the Slime Pits.
 17167 | Lair:4   | Reached XP level 13. HP: 102/116 MP: 19/26
 18314 | Lair:6   | Entered Level 6 of the Lair of Beasts
 18335 | Lair:6   | Received a gift from Okawaru
 18507 | Lair:6   | Reached skill level 10 in Spellcasting
 19001 | Lair:6   | Noticed Nessos
 19039 | Lair:6   | Killed Nessos
 19565 | Lair:6   | Received a gift from Okawaru
 19565 | Lair:6   | Reached skill level 12 in Fighting
 19566 | Lair:6   | Got a spiked cloak {god gift}
 20210 | Lair:6   | Identified the +2 cloak "Vaujahal" {rN+ Regen+} (Okawaru gifted it to you on level 6 of the Lair of Beasts)
 20988 | Orc:1    | Entered Level 1 of the Orcish Mines
 21009 | Orc:1    | Reached XP level 14. HP: 99/127 MP: 26/28
 21011 | Orc:1    | Found a flagged portal.
 21049 | Bailey   | Entered a bailey
 21099 | Bailey   | Noticed an orc warlord
 21146 | Bailey   | Found a runed gate.
 21146 | Bailey   | Found a runed gate.
 21166 | Bailey   | Found a runed gate.
 21289 | Bailey   | Killed an orc warlord
 21302 | Bailey   | Identified the Tome of Flight and Arcane Weapons
 21318 | Bailey   | Learned a level 2 spell: Throw Flame
 21322 | Bailey   | Learned a level 3 spell: Conjure Flame
 21330 | Bailey   | Learned a level 7 spell: Ring of Flames
 21746 | Orc:1    | Reached skill level 1 in Fire Magic
 21987 | Orc:2    | Entered Level 2 of the Orcish Mines
 22310 | Orc:2    | Received a gift from Okawaru
 22332 | Orc:2    | Found a roughly hewn altar of Beogh.
 22496 | Orc:2    | Found a roughly hewn altar of Beogh.
 22593 | Orc:2    | Found a staircase to the Elven Halls.
 22739 | Orc:2    | Reached skill level 1 in Charms
 23296 | Orc:2    | Found Ostraf's Antique Armour Boutique.
 23296 | Orc:2    | Found Vimeos's Armour Shoppe.
 23298 | Orc:2    | Found Wugg's Book Emporium.
 23300 | Orc:2    | Found Wauloty's Weapon Shop.
 23313 | Orc:2    | Bought a book of Fire for 780 gold pieces
 23313 | Orc:2    | Bought a book of Transfigurations for 660 gold pieces
 23313 | Orc:2    | Bought a book of Battle for 480 gold pieces
 23502 | Lair:1   | Learned a level 3 spell: Regeneration
 23601 | D:11     | Found a portal to a secret trove of treasure.
 23683 | D:11     | You fall through a shaft for 3 floors!
 23701 | D:14     | Reached skill level 1 in Conjurations
 23718 | D:14     | Found a gate to the Vaults.
 23804 | D:14     | Reached skill level 13 in Fighting
 23882 | D:13     | Noticed Rupert
 23893 | D:13     | Found a snail-covered altar of Cheibriados.
 24184 | D:11     | Received a gift from Okawaru
 24338 | D:11     | Got a pair of encrusted boots
 24349 | D:11     | Identified the +2 pair of boots "Lorarah" {Int+5} (You found it on level 11 of the Dungeon)
 24704 | D:12     | Noticed Harold
 24716 | D:12     | Killed Harold
 25331 | D:13     | Noticed Frances
 25343 | D:12     | Killed Frances
 25451 | D:13     | Received a gift from Okawaru
 25698 | D:13     | Killed Rupert
 25698 | D:13     | Reached skill level 5 in Fire Magic
 25747 | D:13     | Reached XP level 15. HP: 44/136 MP: 13/30
 26131 | D:14     | Found a basalt altar of Yredelemnul.
 26319 | D:14     | Received a gift from Okawaru
 26389 | D:14     | Gained mutation: You are robust. (+10% HP) [potion of beneficial mutation]
 26516 | D:15     | Entered Level 15 of the Dungeon
 26893 | D:15     | Noticed Azrael
 26916 | D:15     | Killed Azrael
 27726 | D:15     | Found a staircase to the Depths.
 28092 | Lair:1   | Upgraded the game from 0.19-a0-1672-g679cadd to 0.19-a0-1682-g5114f93
 28143 | Spider:1 | Entered Level 1 of the Spider Nest
 28737 | Spider:1 | Reached skill level 10 in Unarmed Combat
 28747 | Spider:1 | Got a clouded glass ring
 28766 | Spider:1 | Learned a level 2 spell: Repel Missiles
 28800 | Spider:2 | Noticed Arachne
 28820 | Spider:2 | Killed Arachne
 28820 | Spider:2 | Reached skill level 14 in Fighting
 29356 | Spider:3 | Found a frozen archway.
 29379 | Spider:3 | Reached XP level 16. HP: 132/160 MP: 28/32
 29490 | Spider:3 | Received a gift from Okawaru
 29640 | Spider:2 | Identified the ring of Balance {rElec rPois MR+ Int+3} (You found it on level 1 of the Spider Nest)
 29957 | Spider:4 | Entered Level 4 of the Spider Nest
 30514 | Spider:4 | Received a gift from Okawaru
 30844 | Spider:4 | Reached skill level 5 in Conjurations
 31248 | Spider:3 | Learned a level 5 spell: Fireball
 31256 | Spider:3 | Learned a level 7 spell: Dragon Form
 31417 | Spider:4 | Reached skill level 5 in Charms
 31866 | Spider:4 | Got a gossamer rune of Zot
 32208 | Vaults:1 | Entered Level 1 of the Vaults
 32258 | Vaults:1 | Received a gift from Okawaru
 32258 | Vaults:1 | Reached XP level 17. HP: 169/169 MP: 34/34
 32262 | Vaults:1 | Noticed Jorgrun
 32275 | Vaults:1 | Killed Jorgrun
 32370 | Vaults:1 | Reached skill level 15 in Fighting
 32380 | Vaults:1 | Reached skill level 10 in Fire Magic
 32889 | Vaults:1 | Received a gift from Okawaru
 33030 | Vaults:1 | Noticed Saint Roka
 33126 | Vaults:1 | Killed Saint Roka
 33369 | Vaults:1 | Noticed Aizul
 33380 | Vaults:1 | Killed Aizul
 33389 | Vaults:1 | Received a gift from Okawaru
 33832 | Vaults:1 | Found a bloodstained altar of Trog.
 34080 | Vaults:2 | Noticed a tentacled monstrosity
 34089 | Vaults:2 | Killed a tentacled monstrosity
 34611 | Vaults:2 | Got a crude tin ring
 34706 | Vaults:2 | Found Yhiov's Food Shop.
 34800 | Vaults:2 | Reached skill level 10 in Dodging
 34808 | Vaults:2 | Found a staircase to the Crypt.
 34916 | Vaults:2 | Reached XP level 18. HP: 130/182 MP: 28/35
 35627 | Vaults:2 | Received a gift from Okawaru
 35856 | Vaults:3 | Identified the ring of Guagotaw {rN+ Dex+3} (You found it on level 2 of the Vaults)
 36091 | Vaults:3 | Found Avealol's Magic Scroll Emporium.
 36103 | Vaults:3 | Bought a scroll of identify for 40 gold pieces
 36135 | Vaults:3 | Found a magical portal.
 36140 | WizLab   | Entered Iskenderun's Mystic Tower
 36173 | WizLab   | Blown up by a conjurer statue

Vault maps used:
D:1:      nicolae_arrival_washed_ashore
D:2:      gammafunk_temple_overflow_claw, serial_undead, serial_undead_a,
          serial_undead_a, serial_undead_a, serial_undead_a, serial_undead_b,
          serial_undead_f, uniq_natasha, uniq_jessica
D:3:      overflow_temple_1_default, ecumenical_altar_1, first_bread
D:4:      serial_shops, shop_fountains, gup_sewer_entry_bubbles,
          grunt_decor_arrowhead
D:5:      serial_shops, kennysheep_mini, uniq_eustachio, uniq_pikel,
          uniq_blork_the_orc
D:6:      serial_shops, shop, uniq_grinder
D:7:      nicolae_ossuary_entry_plus
D:9:      nicolae_overflow_hidden_temple, david_lair_shrubbed, orc_0_dummy,
          serial_shops, shop, uniq_grum, uniq_erica
D:10:     uniq_josephine
D:11:     enter_trove_1, hangedman_stone_soup
D:12:     uniq_harold
D:13:     kennysheep_room_grid, basic_altar, uniq_rupert, uniq_frances
D:14:     erik_vaults_1, yredelemnul_altar_generic, grunt_ministairs_2,
          nrook_mini_vaults
D:15:     grunt_enter_depths_hoard, hex_tiny, special_room, uniq_azrael
Lair:1:   grunt_megastairs_5
Lair:2:   minmay_lair_venomous_thicket, grunt_megastairs_2
Lair:3:   minmay_swamp_entry_eels
Lair:4:   beast_lair_carwin_large_1, spider_nest_entry_a, lemuel_fruit_fields
Lair:5:   slime_altar_2, infiniplex_staircase_pool, serial_bayou_shore_b
Lair:6:   grunt_lair_end_beastmaster, uniq_nessos
Spider:1: spiders_nest_wasp_nest
Spider:2: uniq_arachne
Spider:3: lemuel_spider_zombies, portal_ice_cave_entry_pillars_1
Spider:4: grunt_spider_rune_parallel
Orc:1:    minmay_goldmine, enter_bailey_3, nicolae_orc_rockfall
Orc:2:    st_orc_rangers, basic_altar, minmay_orc_temple_a
Vaults:1: v_misc_23, v_misc_1, nicolae_vaults_statue_guard,
          ontoclasm_vaults_fault, basic_altar, uniq_saint_roka, uniq_aizul,
          uniq_jorgrun
Vaults:2: hangedman_vaults_locks, st_spiral_rooms,
          minmay_crypt_entry_simple_box, nicolae_vaults_puzzle_piece, v_misc_5,
          ontoclasm_vaults_tryst, hangedman_vaults_trim, ontoclasm_vaults_spin,
          v_misc_10, ontoclasm_vaults_loading_screen,
          nicolae_vaults_little_squares_3, nicolae_vaults_specimen_jars,
          serial_shops, shop_fountains
Vaults:3: vaults_mumra_minichess, v_alt_pattern_2, vaults_room_fancy_cross,
          vaults_room_fancy_cross, hangedman_vaults_slither, v_rooms_6,
          hangedman_vaults_restitches, v_rooms_3, vaults_room_stairs_pillars,
          vaults_dpeg_encased_lava, ontoclasm_vaults_ring_square,
          grunt_vaults_hallway_short, serial_shops, shop, mu_enter_wizlab_2
Sewer:    kennysheep_door_sewer
Ossuary:  ossuary_crypta
Bailey:   bailey_axe_bossmonster_kennysheep, bailey
WizLab:   wizlab_iskenderun

Skill      XL: |  1  2  3  4  5  6  7  8  9 10 11 12 13 14 15 16 17 18 |
---------------+-------------------------------------------------------+-----
Transmutations | 3 4 5 6 7 9 10 11 12 13 14 | 14.3
Dodging        | 2 3 4 5 6 7 8 9 10 | 10.3
Fighting       | 4 6 7 9 11 12 13 14 15 | 15.9
Invocations    | 2 3 5 6 7 8 9 |  9.7
Spellcasting   | 3 5 6 8 9 10 11 12 13 14 | 14.0
Unarmed Combat | 4 5 6 7 8 9 10 11 | 11.7
Fire Magic     | 5 7 9 11 12 | 12.1
Charms         | 2 3 5 6 |  6.7
Conjurations   | 2 4 5 6 7 |  7.2

Action                   |  1- 3 |  4- 6 |  7- 9 | 10-12 | 13-15 | 16-18 || total
-------------------------+-------+-------+-------+-------+-------+-------++-------
Melee: Unarmed           |    94 |   277 |   237 |   683 |  1378 |  1179 ||  3848
       Kick              |     4 |    32 |    16 |       |       |       ||    52
       Punch             |     2 |     1 |    10 |    20 |    41 |    83 ||   157
       Headbutt          |     7 |    13 |     3 |       |       |       ||    23
       Tailslap          |     4 |    24 |    24 |    77 |   193 |   156 ||   478
 Cast: Beastly Appendage |    15 |    31 |    11 |     1 |       |       ||    58
       Sticks to Snakes  |     4 |    31 |    17 |    74 |   132 |    27 ||   285
       Blade Hands       |       |       |    18 |    71 |   129 |    83 ||   301
       Regeneration      |       |       |       |       |    22 |    67 ||    89
       Conjure Flame     |       |       |       |       |    16 |     5 ||    21
       Repel Missiles    |       |       |       |       |     1 |     3 ||     4
       Throw Flame       |       |       |       |       |     1 |       ||     1
Invok: Heroism           |       |       |       |       |    20 |    33 ||    53
       Finesse           |       |       |       |       |     9 |     5 ||    14
 Abil: Breathe Fire      |       |       |    14 |    13 |    11 |     3 ||    41
       End Transformatio |       |       |       |       |     5 |     6 ||    11
Evoke: Wand              |       |       |     1 |     2 |     1 |       ||     4
  Use: Scroll            |     3 |     1 |     1 |     8 |    19 |    14 ||    46
       Potion            |       |       |     1 |     5 |     7 |    12 ||    25
 Stab: Sleeping          |     1 |     1 |     1 |     2 |     3 |     2 ||    10
       Distracted        |       |     1 |       |     6 |     9 |     2 ||    18
       Invisible         |       |       |       |     6 |       |       ||     6
       Held in net/web   |       |       |       |       |       |     1 ||     1
  Eat: Chunk             |     2 |    14 |    16 |    48 |    62 |    27 ||   169
       Pizza             |       |     1 |     2 |     1 |     2 |       ||     6
       Fruit             |       |       |     1 |     1 |       |       ||     2
       Royal jelly       |       |       |       |     1 |       |       ||     1
       Bread ration      |       |       |       |       |     1 |     2 ||     3
Armor: Skin              |    21 |    89 |    58 |   128 |   424 |   342 ||  1062
Dodge: Dodged            |    53 |   177 |   137 |   380 |  1041 |   974 ||  2762
       Deflected         |       |       |       |       |     1 |    10 ||    11
